 Dungeon Crawl Stone Soup version 0.26.1 (webtiles) character file.

Game seed: 15507608537673504140

124928 ingamaze the Severer (level 16, -17/150 HPs)
             Began as a Hill Orc Fighter on Feb 7, 2021.
             Was the Champion of Beogh.
             Demolished by a golden dragon simulacrum (52 damage)
             ... in an ice cave.
             The game lasted 02:04:38 (24310 turns).

ingamaze the Severer (Hill Orc Fighter)            Turns: 24310, Time: 02:04:39

Health: -17/150    AC: 23    Str: 26    XL:     16   Next: 94%
Magic:  19/22      EV:  5    Int:  8    God:    Beogh [******]
Gold:   992        SH: 19    Dex: 10    Spells: 19/21 levels left

rFire    + . .     SeeInvis .   D - +10 broad axe of the Eternal Void {holy, Will+}
rCold    . . .     Faith    .   u - +0 tower shield
rNeg     . . .     Spirit   .   t - +0 plate armour {rPois}
rPois    +         Reflect  .   W - +0 helmet
rElec    .         Harm     .   f - +2 cloak of Biky {Regen+ Stlth+}
rCorr    .         Rampage  .   E - +0 pair of gloves
Will     +++..                  I - +0 pair of boots
Stlth    ..........             n - amulet of regeneration
HPRegen  1.15/turn              O - ring of protection from fire
MPRegen  0.18/turn              C - ring of willpower

@: no status effects
A: walk on water
a: Renounce Religion, Smiting, Recall Orcish Followers, Give Item to Named
Follower, Resurrection


You were in an ice cave.
You worshipped Beogh.
Beogh was exalted by your worship.
You visited 4 branches of the dungeon, and saw 25 of its levels.
You also visited: Gauntlet and Ice Cave.

You collected 3512 gold pieces.
You spent 2520 gold pieces at shops.

Inventory:

Hand Weapons
 z - the +5 long sword "Death Rattle" {flame, Will+}
   (You found it in a Gauntlet)

   It has been specially enchanted to burn those struck by it, causing extra
   injury to most foes and up to half again as much damage against particularly
   susceptible opponents.
   Big, fiery blades are also staple armaments of hydra-hunters.
   It affects your willpower, your defense against some magical effects.
 D - the +10 broad axe of the Eternal Void (weapon) {holy, Will+}
   (You acquired it on level 8 of the Dungeon)

   It has been blessed by the Shining One to cause great damage to the undead
   and demons.
   It affects your willpower, your defense against some magical effects.
Missiles
 s - 14 boomerangs (quivered)
 G - 10 boomerangs of dispersal
 Q - 2 javelins
 T - 15 silver javelins
Armour
 f - the +2 cloak of Biky (worn) {Regen+ Stlth+}
   (You bought it in a shop on level 2 of the Orcish Mines)

   It increases your rate of regeneration.
   It makes you more stealthy.
 t - a +0 plate armour of poison resistance (worn)
 u - a +0 tower shield (worn)
 E - a +0 pair of gloves (worn)
 I - a +0 pair of boots (worn)
 W - a +0 helmet (worn)
 X - +6 fire dragon scales
Jewellery
 n - an amulet of regeneration (around neck)
 C - a ring of willpower (right hand)
 O - a ring of protection from fire (left hand)
Wands
 g - a wand of enslavement (12)
 B - a wand of digging (13)
 M - a wand of iceblast (12)
Scrolls
 a - 2 scrolls of fog {unknown}
 c - a scroll of identify
 e - 2 scrolls of amnesia
 k - 3 scrolls of fear
 m - 10 scrolls of teleportation
 p - a scroll of torment {unknown}
 w - 3 scrolls of magic mapping
 y - 8 scrolls of remove curse
 J - 2 scrolls of random uselessness {unknown}
 L - 2 scrolls of enchant weapon
 R - 2 scrolls of noise {unknown}
 S - 2 scrolls of silence
 Y - 4 scrolls of holy word
 Z - 6 scrolls of blinking
Potions
 b - 3 potions of flight
 h - 5 potions of mutation
 i - 12 potions of curing
 j - 2 potions of resistance
 l - 4 potions of might
 o - 2 potions of heal wounds
 q - 7 potions of ambrosia
 x - 6 potions of attraction
 A - 3 potions of lignification
 F - 2 potions of cancellation
 H - 2 potions of brilliance
 N - 2 potions of haste
 P - a potion of berserk rage {unknown}
Miscellaneous
 d - a phantom mirror
 V - a condenser vane


   Skills:
 + Level 15.6 Fighting
 - Level 3.0 Short Blades
 - Level 20.0 Axes
 - Level 4.0 Throwing
 + Level 11.3 Armour
 + Level 12.9 Shields
 - Level 3.0 Spellcasting
 * Level 4.7 Translocations
 - Level 0.3 Air Magic
 - Level 8.0 Invocations
 - Level 6.1 Evocations


You had 19 spell levels left.
You knew the following spells:

 Your Spells              Type           Power        Failure   Level
p - Blink                 Tloc           N/A          96%         2

Your spell library contained the following spells:

 Spells                   Type           Power        Failure   Level
 Corona                   Hex            1%           100%        1
 Foxfire                  Conj/Fire      4%           100%        1
 Magic Dart               Conj           4%           100%        1
 Summon Small Mammal      Summ           4%           100%        1
 Call Imp                 Summ           1%           100%        2
 Ensorcelled Hibernation  Hex/Ice        2%           100%        2
 Slow                     Hex            1%           100%        2
 Call Canine Familiar     Summ           1%           100%        3
 Confusing Touch          Hex            1%           100%        3
 Conjure Flame            Conj/Fire      1%           100%        3
 Dazzling Flash           Conj/Hex       2%           100%        3
 Inner Flame              Hex/Fire       1%           100%        3
 Mephitic Cloud           Conj/Pois/Air  1%           100%        3
 Summon Guardian Golem    Hex/Summ       1%           100%        3
 Tukima's Dance           Hex            1%           100%        3
 Sticky Flame             Conj/Fire      1%           100%        4
 Summon Ice Beast         Ice/Summ       1%           100%        4
 Summon Lightning Spire   Summ/Air       1%           100%        4
 Fireball                 Conj/Fire      0%           100%        5


Dungeon Overview and Level Annotations

Branches:
Dungeon (14/15)            Temple (0/1) D:7            Lair (6/6) D:8
  Swamp (3/4) Lair:2        Snake (0/4) Lair:2          Orc (2/2) D:12
    Elf (0/3) Orc:2        Vaults (0/5) D:14          IceCv (1/1)
Gauntlet (visited)
  Slime: Lair:5-6

Altars:
Ashenzari
Fedhas
Gozag
Hepliaklqana
Kikubaaqudgha
Nemelex Xobeh
Okawaru
Ru
Sif Muna
Trog
Uskayaw
Vehumet
Beogh

Shops:
D:13 !   Orc:2 *[([

Annotations:
D:8 2 transporters, exclusion: oklob plant, Richi's ghost, novice NaCK
Lair:6 exclusion: 2 oklob plants
Orc:1 3 runed translucent doors, Borgon's ghost, journeyman DDFi
Orc:2 3 runed translucent doors, exclusion: obsidian statue, kthxbai's ghost, journeyman DgIE


Message History

Aiming: Enslavement
Press: ? - help, Shift-Dir - straight line, f/p - golden dragon simulacrum
Aim: a golden dragon simulacrum (freezing vapour, heavily damaged, chance to affect: 61%)
Okay, then.
Okay, then.
Unknown command.
You are too injured to fight recklessly!
You are too injured to fight recklessly!
You are too injured to fight recklessly!
Press: ? - help, v - describe, . - travel
Here: a golden dragon simulacrum (heavily damaged)
The floor.
Aiming: Enslavement
Press: ? - help, Shift-Dir - straight line, f/p - golden dragon simulacrum
Aim: a golden dragon simulacrum (heavily damaged, chance to affect: 61%)
The golden dragon simulacrum resists with significant effort.
The golden dragon simulacrum bites you!
* * * LOW HITPOINT WARNING * * *
The golden dragon simulacrum freezes you!!!
You die...

.o.#o.###
##.....# ##..###
##...#### ####
####...##
#######....###
####....#o..###
##...##....###
### #..#########
######°# ##...###
##...#.#§#
##....##
#@Z4.)###4°
##....#####.#)###
###
###.....#####..#
##.....####..#
###...o#...##
####...### #####


You could see an ice devil and a golden dragon simulacrum.

Vanquished Creatures
  Agnes (D:14)
  A stone giant (Orc:2)
  2 bunyips
  A minotaur (Gauntlet)
  An eleionoma (Swamp:3)
  2 blizzard demons (IceCv)
  A shambling mangrove (Swamp:2)
  A vault guard (D:14)
  A catoblepas (Lair:6)
  A hydra (Swamp:3)
  A boulder beetle (D:14)
  3 two-headed ogres
  2 centaur warriors
  An ogre mage (Orc:2)
  An alligator (Swamp:2)
  A deep troll shaman (Lair:6)
  A tengu warrior (D:13)
  6 death yaks
  3 slime creatures
  A wretched star (Gauntlet)
  3 spriggan druids
  A goliath frog (Lair:2)
  2 unseen horrors
  A deep troll (Orc:2)
  A wizard (D:13)
  A lindwurm (Lair:6)
  4 ugly things (D:14)
  An orc sorcerer (Orc:2)
  4 cyclopes
  2 will-o-the-wisps
  5 elephants
  2 black mambas
  2 ice statues
  A gargoyle (D:12)
  A centaur skeleton (D:13)
  5 cane toads
  4 anaconda simulacra (IceCv)
  2 freezing wraiths
  3 rime drakes
  4 komodo dragons
  3 kobold demonologists
  7 ice devils (IceCv)
  2 bloated husks (Swamp:2)
  A golden dragon simulacrum (IceCv)
  4 tyrant leeches
  9 polar bears
  3 meliai
  A wolf spider simulacrum (IceCv)
  6 trolls
  2 queen bees
  3 hornets
  Prince Ribbit (D:9)
  A dream sheep (Lair:3)
  A spriggan (Swamp:1)
  11 humans (D:14)
  31 yaks
  A dire elephant simulacrum (IceCv)
  A wraith (D:13)
  4 wyverns
  2 basilisks
  6 harpy simulacra (IceCv)
  6 swamp worms
  An iron troll simulacrum (IceCv)
  An acid dragon (D:14)
  2 hydra simulacra (IceCv)
  8 water moccasins
  A floating eye (Lair:6)
  2 small abominations (Gauntlet)
  5 orc warriors
  3 ice beasts
  4 swamp drakes
  2 sky beasts
  A necrophage (D:6)
  An eye of draining (D:10)
  7 black bears
  2 ettin simulacra (IceCv)
  2 alligator simulacra (IceCv)
  10 centaurs
  6 wolves
  11 ogres
  3 big kobolds
  10 bullfrogs
  25 killer bees
  3 scorpions
  A howler monkey (D:6)
  An electric eel (Lair:3)
  A bullfrog zombie (D:5)
  5 jellies
  4 hounds
  3 draconian simulacra (IceCv)
  3 centaur zombies
  A gnoll shaman (D:4)
  9 orc priests
  A bullfrog skeleton (D:6)
  14 orc wizards
  Ijyb (D:3)
  3 troll simulacra (IceCv)
  A spriggan simulacrum (IceCv)
  7 worker ants
  2 centaur simulacra (IceCv)
  A hound zombie (D:6)
  3 hound skeletons
  6 gnolls
  7 adders
  2 ogre simulacra (IceCv)
  A shadow imp (D:10)
  10 white imps
  7 ufetubi
  3 worms
  2 dart slugs (D:1)
  3 leopard geckos
  31 orcs
  2 ball pythons
  4 bats
  A giant cockroach (D:8)
  8 goblins
  8 hobgoblins
  9 jackals
  11 kobolds
  A quokka (D:11)
  3 frilled lizards
  A quokka skeleton (D:9)
  7 rats
485 creatures vanquished.

Vanquished Creatures (collateral kills)
  A tentacled monstrosity (Swamp:1)
  Gastronok (D:12)
  A thorn hunter (Swamp:2)
  Nessos (Orc:2)
  A shambling mangrove (Swamp:2)
  4 hydras
  2 catoblepae
  An ogre mage (Orc:2)
  3 alligators
  7 two-headed ogres
  A tengu warrior (D:14)
  7 death yaks
  An orc high priest (Orc:2)
  A bog body (Lair:2)
  A deep troll (Orc:2)
  A swamp dragon (Swamp:2)
  An orc knight (Orc:1)
  A manticore (D:13)
  An orc sorcerer (Orc:1)
  A cyclops (Orc:2)
  3 ugly things
  3 black mambas
  10 elephants
  2 torpor snails
  6 cane toads
  A centaur skeleton (D:12)
  4 kobold demonologists (D:12)
  A freezing wraith (Lair:3)
  2 komodo dragons
  A rime drake (Lair:6)
  3 meliai
  A bloated husk (Swamp:1)
  5 trolls
  A hornet (Swamp:2)
  2 polar bears
  2 slime creatures
  A dream sheep (Lair:3)
  2 basilisks
  17 yaks
  A fire elemental (Lair:3)
  A wyvern (D:12)
  2 wargs (Orc:1)
  A naga (Lair:2)
  A soldier ant (D:12)
  2 swamp worms
  3 water moccasins
  A swamp drake (Swamp:1)
  4 black bears
  5 orc warriors
  8 ice beasts
  A necrophage (D:12)
  A phantom (D:13)
  8 ogres
  11 wolves
  2 centaurs
  A big kobold (D:12)
  A wyvern zombie (D:12)
  4 bullfrogs
  12 killer bees (Lair:5)
  An electric eel (Lair:3)
  3 orc priests
  2 draconian simulacra (IceCv)
  An orc wizard (Orc:1)
  A worker ant (D:13)
  A spriggan simulacrum (IceCv)
  2 gnolls (Orc:2)
  An adder (D:12)
  12 orcs
  7 kobolds
  4 briar patches (Swamp:3)
210 creatures vanquished.

Vanquished Creatures (others)
  4 orc knights
  A bloated husk (Swamp:2)
  3 orc warriors
  A hound (D:4)
  9 orc wizards
  7 orc priests
  A worker ant (D:4)
  27 orcs
  14 foxfires
  36 fungi
  59 plants
162 creatures vanquished.

Grand Total: 857 creatures vanquished

Notes
Turn   | Place    | Note
-------+----------+-------------------------------------------
     0 | D:1      | ingamaze the Hill Orc Fighter began the quest for the Orb.
     0 | D:1      | Reached XP level 1. HP: 19/19 MP: 1/1
    29 | D:1      | Reached skill level 3 in Axes
    61 | D:1      | Reached skill level 4 in Axes
    61 | D:1      | Reached XP level 2. HP: 2/26 MP: 2/2
   433 | D:1      | Reached XP level 3. HP: 27/31 MP: 3/3
   767 | D:1      | Reached skill level 5 in Axes
  1554 | D:2      | Reached XP level 4. HP: 28/39 MP: 4/4
  1594 | D:2      | Reached skill level 1 in Short Blades
  1661 | D:2      | Found an iron altar of Okawaru.
  1773 | D:4      | Became a worshipper of Beogh the Brigand
  1774 | D:4      | Noticed a sky beast
  1791 | D:4      | Killed a sky beast
  1792 | D:4      | Reached XP level 5. HP: 20/45 MP: 5/5
  2201 | D:3      | Found a broken altar of Ashenzari.
  2289 | D:3      | Found a bloodstained altar of Trog.
  2499 | D:3      | Noticed Ijyb
  2510 | D:3      | Killed Ijyb
  2511 | D:3      | Reached skill level 6 in Axes
  2779 | D:3      | Reached XP level 6. HP: 40/52 MP: 6/6
  3162 | D:4      | Found a sparkling altar of Nemelex Xobeh.
  3205 | D:4      | Got a glimmering dagger
  3292 | D:4      | Reached skill level 1 in Throwing
  3520 | D:5      | Entered Level 5 of the Dungeon
  3579 | D:5      | Reached skill level 7 in Axes
  3674 | D:5      | Identified the +7 dagger "Qar Ebeh" {freeze, rF+ Dex+8}
                  | (You found it on level 4 of the Dungeon)
  3908 | D:5      | Reached XP level 7. HP: 59/59 MP: 7/7
  3911 | D:5      | Reached skill level 8 in Axes
  4359 | D:6      | Reached * piety under Beogh
  4371 | D:6      | Reached skill level 1 in Evocations
  4449 | D:6      | Reached skill level 9 in Axes
  4485 | D:6      | Reached XP level 8. HP: 43/66 MP: 8/8
  4676 | D:6      | Reached skill level 10 in Axes
  4738 | D:6      | Found a sacrificial altar of Ru.
  5148 | D:7      | Noticed a two-headed ogre
  5288 | D:7      | Found a hide-covered altar of Uskayaw.
  5315 | D:7      | Killed a two-headed ogre
  5316 | D:7      | Reached skill level 12 in Axes
  5316 | D:7      | Reached XP level 9. HP: 24/71 MP: 9/9
  5546 | D:7      | Reached ** piety under Beogh
  5558 | D:7      | Found an ancient bone altar of Kikubaaqudgha.
  5560 | D:7      | Found a staircase to the Ecumenical Temple.
  6560 | D:8      | Got a brightly glowing whip
  6561 | D:8      | Identified the cursed +1 whip of No Interval {vamp, Dex+2}
                  | (You found it on level 8 of the Dungeon)
  6587 | D:8      | Found a transporter.
  6595 | D:8      | Noticed Richi's ghost (novice NaCK)
  6597 | D:8      | Noticed an oklob plant
  6637 | D:8      | Reached skill level 1 in Invocations
  6672 | D:8      | Found a staircase to the Lair.
  6674 | D:8      | Noticed a komodo dragon
  7219 | D:8      | Found a hazy altar of Hepliaklqana.
  7413 | D:8      | Found a transporter.
  7466 | D:8      | Killed a komodo dragon
  7467 | D:8      | Reached skill level 5 in Fighting
  7467 | D:8      | Reached skill level 13 in Axes
  7987 | D:9      | Noticed Prince Ribbit
  8004 | D:9      | Killed Prince Ribbit
  8005 | D:9      | Reached XP level 10. HP: 57/81 MP: 13/13
  8091 | D:9      | Found a shimmering blue altar of Sif Muna.
  8406 | D:9      | Found a blossoming altar of Fedhas.
  8478 | D:10     | Entered Level 10 of the Dungeon
  8500 | D:10     | Reached skill level 5 in Invocations
  8555 | D:10     | Killed an unseen horror
  8556 | D:10     | Reached skill level 14 in Axes
  8884 | D:10     | Reached *** piety under Beogh
  9007 | D:10     | Noticed a two-headed ogre
  9683 | D:11     | Reached skill level 15 in Axes
 10450 | D:12     | Reached XP level 11. HP: 22/94 MP: 14/14
 10657 | Lair:1   | Entered Level 1 of the Lair of Beasts
 10672 | Lair:1   | Reached skill level 16 in Axes
 11119 | D:9      | Reached skill level 10 in Fighting
 11569 | D:12     | Found the +2 ratskin cloak {*Rats rPois rN+ Str-1 Int-1
                  | Dex+1}
 11571 | D:12     | Noticed a seven-headed hydra
 11572 | D:12     | Noticed a manticore
 11572 | D:12     | Noticed an orc knight
 11572 | D:12     | Noticed a manticore
 11572 | D:12     | Noticed a skeletal warrior
 11573 | D:12     | Noticed a catoblepas
 11573 | D:12     | Noticed an orc knight
 11593 | D:12     | Noticed a boulder beetle
 11596 | D:12     | Noticed an ogre mage
 11597 | D:12     | Learned a level 2 spell: Blink
 11755 | D:12     | Noticed a soul eater
 11829 | D:12     | Noticed a soul eater
 11838 | D:12     | Noticed a purple ugly thing
 11847 | D:12     | Killed a purple ugly thing
 11986 | D:12     | Reached skill level 5 in Armour
 11989 | D:12     | Reached **** piety under Beogh
 12099 | D:12     | Reached skill level 5 in Shields
 12269 | D:12     | Noticed Gastronok
 12283 | D:12     | Killed Gastronok
 12334 | D:12     | Found a staircase to the Orcish Mines.
 12626 | Lair:1   | Reached XP level 12. HP: 110/110 MP: 15/15
 12908 | Lair:2   | Noticed a catoblepas
 12910 | Lair:2   | Found a staircase to the Swamp.
 12918 | Lair:2   | Killed a catoblepas
 12924 | Lair:2   | Reached skill level 5 in Evocations
 13058 | Lair:2   | Noticed a seven-headed hydra
 13064 | Lair:2   | Killed a seven-headed hydra
 13097 | Lair:2   | Noticed an eight-headed hydra
 13103 | Lair:2   | Killed an eight-headed hydra
 13159 | Lair:2   | Gained Bogmar as an ally
 13269 | Lair:2   | Found a staircase to the Snake Pit.
 13598 | Orc:1    | Entered Level 1 of the Orcish Mines
 13782 | Orc:1    | Found a runed translucent gate.
 13782 | Orc:1    | Found a runed translucent gate.
 13838 | Orc:1    | Found a runed translucent gate.
 13983 | Orc:1    | Noticed Borgon's ghost (journeyman DDFi)
 14026 | Orc:2    | Entered Level 2 of the Orcish Mines
 14094 | Orc:2    | Found a staircase to the Elven Halls.
 14304 | Orc:1    | Gained Bolgrim as an ally
 14440 | Orc:2    | Found Figuq's Assorted Antiques.
 14440 | Orc:2    | Noticed a stone giant
 14442 | Orc:2    | Noticed a two-headed ogre
 14444 | Orc:2    | Noticed a two-headed ogre
 14446 | Orc:2    | Noticed a two-headed ogre
 14448 | Orc:2    | Noticed a two-headed ogre
 14452 | Orc:2    | Noticed a two-headed ogre
 14454 | Orc:2    | Noticed a two-headed ogre
 14455 | Orc:2    | Noticed an ogre mage
 14458 | Orc:2    | Noticed a two-headed ogre
 14468 | Orc:2    | Killed a stone giant
 14488 | Orc:2    | Killed a two-headed ogre
 14490 | Orc:2    | Your ally Bolgrim died
 14491 | Orc:2    | Killed a two-headed ogre
 14508 | Orc:1    | HP: 5/113 [two-headed ogre/+0 giant spiked club (23)]
 14698 | Orc:2    | Killed a two-headed ogre
 14724 | Orc:2    | Killed an ogre mage
 14725 | Orc:2    | Reached XP level 13. HP: 38/119 MP: 14/17
 15024 | Orc:2    | Found Cuss's Armour Shoppe.
 15050 | Orc:2    | Found Qethas's Antique Weapon Shop.
 15089 | Orc:2    | Bought a scroll of identify for 50 gold pieces
 15108 | Orc:2    | Noticed Nessos
 15122 | Orc:2    | Found Fiumapn's Armour Emporium.
 15157 | Orc:2    | Bought the +2 cloak of Biky {Regen+ Stlth+} for 243 gold
                  | pieces
 15174 | Orc:2    | Bought a crystal broad axe for 225 gold pieces
 15174 | Orc:2    | Identified the +4 broad axe "Zevvih" {drain, *Contam rN+
                  | Int+4} (You bought it in a shop on level 2 of the Orcish
                  | Mines)
 15180 | Orc:2    | Bought +1 fire dragon scales for 1072 gold pieces
 15204 | Orc:2    | Bought a scroll of identify for 50 gold pieces
 15308 | Orc:2    | Killed Nessos
 15481 | Orc:2    | Found a roughly hewn altar of Beogh.
 15762 | Orc:2    | Found a runed translucent gate.
 15762 | Orc:2    | Found a runed translucent gate.
 15762 | Orc:2    | Found a runed translucent gate.
 15770 | Orc:2    | Found an opulent altar of Gozag.
 15772 | Orc:2    | Noticed kthxbai's ghost (journeyman DgIE)
 16029 | Orc:1    | Reached skill level 10 in Armour
 16035 | Orc:1    | Gained Orkwin as an ally
 16456 | Lair:3   | Reached ***** piety under Beogh
 16943 | Lair:3   | Reached skill level 17 in Axes
 17473 | Lair:4   | Reached XP level 14. HP: 102/130 MP: 19/19
 17649 | Lair:4   | Gained Murdo as an ally
 18106 | Lair:5   | Reached skill level 18 in Axes
 18192 | Lair:5   | Reached ****** piety under Beogh
 18411 | Lair:5   | Found a radiant altar of Vehumet.
 18830 | Lair:6   | Entered Level 6 of the Lair of Beasts
 19078 | Lair:6   | Your ally Murdo died
 19327 | Lair:6   | Identified 2 scrolls of acquirement
 19556 | Lair:6   | Reached skill level 19 in Axes
 19754 | Lair:6   | Reached skill level 10 in Shields
 19824 | Lair:6   | Paralysed by a floating eye for 4 turns
 19967 | D:8      | Acquired 873 gold pieces
 19969 | D:8      | Acquired the +10 broad axe of the Eternal Void {holy,
                  | Will+}
 20671 | D:13     | Found Qifyijaf's Distillery.
 20679 | D:13     | Bought a potion of heal wounds for 80 gold pieces
 20679 | D:13     | Bought a potion of experience for 800 gold pieces
 20679 | D:13     | Reached skill level 20 in Axes
 20679 | D:13     | Reached XP level 15. HP: 139/139 MP: 21/21
 21006 | D:14     | Reached skill level 1 in Translocations
 21007 | D:14     | Reached skill level 1 in Spellcasting
 21119 | D:14     | Reached XP level 16. HP: 125/147 MP: 22/22
 21255 | D:14     | Found a gate leading to a gauntlet.
 21265 | Gauntlet | Entered a Gauntlet
 21265 | Gauntlet | Found a transporter.
 21265 | Gauntlet | Found a transporter.
 21265 | Gauntlet | Found a transporter.
 21265 | Gauntlet | Found a transporter.
 21270 | Gauntlet | Found a transporter.
 21280 | Gauntlet | Found a transporter.
 21284 | Gauntlet | Found a transporter.
 21295 | Gauntlet | Found a transporter.
 21389 | Gauntlet | Found a transporter.
 21399 | Gauntlet | Found a transporter.
 21403 | Gauntlet | Found a transporter.
 21421 | Gauntlet | Found a transporter.
 21545 | Gauntlet | Got a distressingly furry chain mail
 21556 | Gauntlet | Identified the +3 chain mail of the Tundras {rCorr} (You
                  | found it in a Gauntlet)
 21587 | Gauntlet | Got a pitted lead ring
 21592 | Gauntlet | Got a pitted long sword
 21593 | Gauntlet | Identified the +5 long sword "Death Rattle" {flame, Will+}
                  | (You found it in a Gauntlet)
 21596 | Gauntlet | Identified the ring "Xoalack" {*Tele Str+4 Dex+3} (You
                  | found it in a Gauntlet)
 21632 | Gauntlet | Identified the +6 morningstar "Luewym" {vorpal, rN+ Dex+2}
 21867 | D:14     | Noticed Agnes
 21874 | D:14     | Killed Agnes
 22329 | D:14     | Found a gate to the Vaults.
 22572 | Swamp:1  | Entered Level 1 of the Swamp
 22815 | Swamp:1  | Noticed a tentacled monstrosity
 22838 | Swamp:1  | Killed a tentacled monstrosity
 22846 | Swamp:1  | Got a translucent iron amulet
 22861 | Swamp:1  | Identified the amulet "Serihuq" {Inacc rF+ Will+} (You
                  | found it on level 1 of the Swamp)
 22919 | Swamp:1  | Reached skill level 15 in Fighting
 23235 | Swamp:2  | Noticed a thorn hunter
 23243 | Swamp:2  | Killed a thorn hunter
 23507 | Swamp:3  | Found a frozen archway.
 23517 | Swamp:3  | Gained Wargrak as an ally
 23517 | Swamp:3  | Gained Orkrul as an ally
 23531 | Swamp:3  | Your ally Wargrak died
 23540 | Swamp:3  | Noticed a thorn hunter
 23548 | Swamp:3  | Your ally Orkrul died
 23550 | IceCv    | Entered an ice cave
 24310 | IceCv    | Demolished by a golden dragon simulacrum

Illustrated notes

Levels and vault maps discovered:
D:1:      dpeg_arrival_central, layout_loops_ring, serial_bayou_pond_e,
          chequers_serial_rivers_marsh, nrook_mini_vaults
D:2:      layout_rooms, overflow_temple_1_default,
          nicolae_overflow_hidden_temple, chequers_mini_garden
D:3:      layout_basic, bloody_trog, nicolae_ashenzari_panopticon, uniq_ijyb
D:4:      layout_rooms, nemelex_spade_bored_becter
D:5:      layout_loops_ring, minmay_misc_feat_hallway
D:6:      minmay_flawed_box, layout_cave_pools, basic_altar
D:7:      layout_layer_cave, lemuel_crystal_altar,
          eat_drink_and_be_merry_uskayaw, minmay_temple_entry_offerings
D:8:      layout_loops_corners, david_lair_shrubbed, basic_altar,
          nzn_ghost_randoct
D:9:      layout_roguey, fedhas_altar_decomposition, kennysheep_little_box,
          uniq_prince_ribbit1
D:10:     layout_loops_corners, chequers_serial_rivers_micro_b,
          minmay_misc_feat_alley
D:11:     layout_irregular_city
D:12:     layout_loops_ring, orc_0_dummy, minivault_12, uniq_gastronok
D:13:     layout_basic, serial_shops, nicolae_shop_crystal
D:14:     layout_rooms, ximxim_vaults_locker_room, gauntlet_entry_generic,
          uniq_agnes
Lair:1:   beast_lair_carwin_large_3, layout_regular_city,
          minmay_stone_trees_small
Lair:2:   layout_hall_layers, skrybe_swamp_entry_bodies,
          guppyfry_snake_entry_garden, grunt_megastairs_5
Lair:3:   layout_gridlike, ice2_lemuel
Lair:4:   layout_misc_corridors
Lair:5:   layout_roguey [special_room_bee], basic_altar
Lair:6:   grunt_lair_end_beastmaster, layout_cellular_growth, slime_altar_1,
          disabler_island, infiniplex_staircase_pool_2
Swamp:1:  cheibrodos_swamp_monstrosity, layout_basic_swamp, serial_swamp_ruin,
          evilmike_swamp_ruin_house_4, evilmike_swamp_ruin_house_6, swamp_pool5
Swamp:2:  nicolae_swamp_phyte_club, layout_basic_swamp, evilmike_swamp_ruin_wall
Swamp:3:  layout_basic_swamp, portal_ice_cave_entry_pillars_1,
          hangedman_swamp_ruin_wall
Orc:1:    layout_diamond_mine, ebering_ghost_rock_garden,
          nicolae_orc_stony_grotto, nicolae_orc_rockfall
Orc:2:    st_orc_open, layout_caves, ebering_ghost_gozag, mines2_david,
          uniq_nessos
IceCv:    ice_cave_caverns_01

Skill      XL: |  1  2  3  4  5  6  7  8  9 10 11 12 13 14 15 16 |
---------------+-------------------------------------------------+-----
Axes           | 4 5 6 7 9 12 13 15 16 17 20 | 20.0
Short Blades   | 3 |  3.0
Fighting       | 4 5 8 11 12 13 14 15 | 15.6
Throwing       | 1 2 4 |  4.0
Evocations     | 1 3 4 5 6 |  6.1
Invocations    | 4 5 6 8 |  8.0
Armour         | 5 9 10 11 | 11.3
Shields        | 5 8 9 10 12 | 12.9
Translocations | 1 4 |  4.7
Spellcasting   | 1 3 |  3.0
Air Magic      | |  0.3

Action                   |  1- 3 |  4- 6 |  7- 9 | 10-12 | 13-15 | 16-18 || total
-------------------------+-------+-------+-------+-------+-------+-------++-------
Melee: War axe           |    46 |       |       |       |       |       ||    46
       Short sword       |    54 |   123 |       |       |       |       ||   177
       Dagger            |       |     7 |   114 |    13 |       |       ||   134
       Hand axe          |       |       |   147 |   663 |    77 |       ||   887
       Whip              |       |       |    23 |       |       |       ||    23
       Broad axe         |       |       |       |       |   373 |   369 ||   742
       Long sword        |       |       |       |       |       |    17 ||    17
Throw: Boomerang         |       |     4 |     9 |       |    81 |    28 ||   122
       Dart              |       |       |    40 |     3 |       |       ||    43
       Javelin           |       |       |       |       |       |    11 ||    11
Invok: Convert to Beogh  |       |     1 |       |       |       |       ||     1
       Smiting           |       |       |       |     8 |     1 |     2 ||    11
       Recall Orcish Fol |       |       |       |     8 |    10 |    13 ||    31
       Give Item to Name |       |       |       |       |     1 |       ||     1
Evoke: Wand              |       |       |    20 |    23 |    29 |     1 ||    73
  Use: Potion            |     1 |       |     2 |     5 |     5 |     5 ||    18
       Scroll            |       |     5 |     2 |    14 |    14 |     9 ||    44
 Stab: Distracted        |       |       |       |     2 |     3 |       ||     5
       Petrified         |       |       |       |       |     5 |       ||     5
       Petrifying        |       |       |       |       |     1 |       ||     1
Armor: Scale mail        |    53 |    27 |    43 |       |       |       ||   123
       Plate armour      |       |       |    56 |   340 |    17 |    80 ||   493
       Fire dragon scale |       |       |       |       |   206 |    83 ||   289
       Skin              |       |       |       |       |       |     1 ||     1
Dodge: Dodged            |    38 |    21 |    45 |   100 |   140 |    74 ||   418
Block: Kite shield       |    53 |    48 |   122 |   260 |   262 |    80 ||   825
       Tower shield      |       |       |       |       |       |   162 ||   162
       Rpst.: Long sword |       |       |       |       |       |     3 ||     3
